 Dungeon Crawl Stone Soup version bcrawl-1.13 (webtiles) character file.

Game seed: 15441042973528300850

81 Camlann the Bolt Thrower (level 4, -5/35 HPs)
             Began as a Demonspawn Archaeologist on July 27, 2019.
             Slain by an iguana (9 damage)
             ... on level 3 of the Dungeon.
             The game lasted 00:05:20 (3374 turns).

Camlann the Bolt Thrower (Demonspawn Archaeologist) Turns: 3374, Time: 00:05:21

Health: -5/35      AC:  9    Str: 12    XL:     4   Next: 19%
Magic:  0/4        EV: 14    Int: 16    God:
Gold:   105        SH:  0    Dex: 11    Spells: 3/3 levels left

rFire    . . .     SeeInvis +   a - +0 whip
rCold    . . .     Gourm    .   (no shield)
rNeg     + . .     Faith    .   r - +1 leather armour {rN+}
rPois    .         Spirit   +   m - +1 hat
rElec    .         Reflect  .   (no cloak)
rCorr    .         Harm     .   (no gloves)
MR       .....                  d - +1 pair of boots
Stlth    ++........             (no amulet)
HPRegen  0.11/turn              j - +2 ring of evasion
MPRegen  0.18/turn              n - ring of see invisible

@: studying Crossbows
A: thin metallic scales 1, magic shield, magic regeneration
a: no special abilities


You were on level 3 of the Dungeon.
You were very hungry.

You visited 1 branch of the dungeon, and saw 3 of its levels.

You collected 105 gold pieces.

Inventory:

Hand Weapons
 a - a +0 whip (weapon)
Missiles
 h - 149 bolts (quivered)
Armour
 d - a +1 pair of boots (worn)
 m - a +1 hat (worn)
 r - a +1 leather armour of positive energy (worn)
Jewellery
 j - a +2 ring of evasion (left hand)
 n - a ring of see invisible (right hand)
Wands
 q - a wand of polymorph (3)
Scrolls
 b - a scroll of amnesia
 l - 2 scrolls of magic mapping
Books
 e - a manual of Crossbows
Miscellaneous
 f - an ancient crate
Comestibles
 g - 2 rations {!d}


   Skills:
 - Level 3.0 Fighting
 - Level 0.8 Maces & Flails
 + Level 3.3 Crossbows
 - Level 2.6 Dodging
 - Level 3.0 Stealth


You had 3 spell levels left.
You didn't know any spells.
Your spell library was empty.

Dungeon Overview and Level Annotations

Branches:
Dungeon (3/12)

Altars:
Trog

Annotations:
D:3 Natasha, Robin


Innate Abilities, Weirdness & Mutations

You are partially covered in thin metallic scales. (AC +2)
When hurt, damage is shared between your health and your magic reserves.
You regenerate magic rapidly.


Message History

The iguana bites you but does no damage.
You hit the iguana. The iguana bites you!
You hit the iguana but do no damage. The iguana barely misses you.
The iguana bites you!
* * * LOW HITPOINT WARNING * * *
You hit the iguana but do no damage.
The iguana bites you but does no damage.
You hit the iguana but do no damage. The iguana closely misses you.
You aren't carrying any potions.
Okay, then.
You closely miss the iguana. The iguana barely misses you.
You hit the iguana but do no damage.
An adder comes into view.
The iguana bites you.
* * * LOW HITPOINT WARNING * * *
The adder hisses angrily.
You hit the iguana but do no damage. The iguana barely misses you.
You hit the iguana. The iguana barely misses you.
You hit the iguana. The iguana bites you!
You die...

##### .....
..... ..... ###
..... ######.##
.....
#...##..#######
.....
#...#.@l.......
....l
#...#.#########
...!. #...#.#
..... #...#S#
..... #.>...#
..... #.....#
#.<...# #.....#
#.....#


You could see an iguana and an adder.

Vanquished Creatures
  2 worms (D:2)
  3 leopard geckos
  2 orcs (D:2)
  7 bats
  4 giant cockroaches
  10 goblins
  13 hobgoblins
  2 jackals (D:1)
  A quokka (D:2)
  A ball python (D:1)
  4 frilled lizards
  7 kobolds
  8 rats
64 creatures vanquished.

Notes
Turn   | Place    | Note
-------+----------+-------------------------------------------
     0 | D:1      | Camlann the Demonspawn Archaeologist began the quest for
                  | the Orb.
     0 | D:1      | Reached XP level 1. HP: 15/15 MP: 1/1
    60 | D:1      | Gained mutation: When hurt, damage is shared between your
                  | health and your magic reserves. [demonic ancestry]
    60 | D:1      | Reached XP level 2. HP: 2/22 MP: 2/2
   720 | D:1      | Gained mutation: You are partially covered in thin metallic
                  | scales. (AC +2) [demonic ancestry]
   720 | D:1      | Reached XP level 3. HP: 25/29 MP: 3/3
  1006 | D:2      | Reached skill level 1 in Crossbows
  2630 | D:2      | Noticed a moth of wrath
  2634 | D:2      | Found a bloodstained altar of Trog.
  2669 | D:3      | Noticed Robin
  2669 | D:3      | Noticed Natasha
  2677 | D:2      | Gained mutation: You regenerate magic rapidly. [demonic
                  | ancestry]
  2677 | D:2      | Reached XP level 4. HP: 27/35 MP: 2/4
  3374 | D:3      | Slain by an iguana

Skill      XL: |  1  2  3  4 |
---------------+-------------+-----
Fighting       | 2 3 |  3.0
Crossbows      | 2 3 |  3.3
Maces & Flails | |  0.8
Dodging        | |  2.6
Stealth        | |  3.0

Action                   |  1- 3 |  4- 6 || total
-------------------------+-------+-------++-------
Melee: Whip              |   555 |   109 ||   664
  Use: Scroll            |     7 |     1 ||     8
       Potion            |       |     1 ||     1
 Stab: Sleeping          |     5 |       ||     5
  Eat: Chunk             |     5 |     3 ||     8
Armor: Robe              |   129 |       ||   129
       Leather armour    |   103 |    56 ||   159
Dodge: Dodged            |   482 |   131 ||   613
